 Dungeon Crawl Stone Soup version 0.31-a0-1074-g0b22e4e0f1 (webtiles) character file.

Game seed: 6784225895706952431

131705 Lobster4 the Gelid (level 17, -3/105 HPs)
             Began as a Human Ice Elementalist on Nov 26, 2023.
             Was the Champion of Hepliaklqana.
             Succumbed to a naga mage's bolt of poison
             ... on level 2 of the Snake Pit.
             The game lasted 01:46:11 (31409 turns).

Lobster4 the Gelid (Human Ice Elementalist)        Turns: 31409, Time: 01:46:11

Health: -3/105     AC: 17    Str:  9    XL:     17   Next: 67%
Magic:  10/32      EV: 15    Int: 26    God:    Hepliaklqana [******]
Gold:   1438       SH:  0    Dex: 21    Spells: 23/38 levels left

rFire   + . .        b - +8 sling "Zoedoa" {drain, +Blink rPois Int+4 Dex-4}
rCold   + . .        (no shield)
rNeg    . . .        u - +1 leather armour {rF+}
rPois   .            C - +2 helmet
rElec   +            v - +1 cloak "Hinguake" {rC+ Int+4}
rCorr   .            B - +2 pair of gloves
SInv    .            G - +3 pair of boots "Panil" {Harm Fly rElec}
Will    +....        E - amulet of the acrobat
Stlth   ++           q - ring of poison resistance
HPRegen 0.37/turn    d - +6 ring of dexterity
MPRegen 0.23/turn

%: harm (+30% outgoing, +20% incoming), acrobat
@: lethally poisoned (-3 -> -17), about to teleport, poison vulnerable, flying,
invisible
A: reduced essence
a: Renounce Religion, Evoke Blink, Recall Ancestor, Ancestor Identity,
Transference, Idealise


You were on level 2 of the Snake Pit.
You worshipped Hepliaklqana.
Hepliaklqana was exalted by your worship.
You visited 6 branches of the dungeon, and saw 27 of its levels.
You also visited: Volcano.

You collected 2683 gold pieces.
You spent 1245 gold pieces at shops.

Inventory:

Hand Weapons
 b - the +8 sling "Zoedoa" (weapon) {drain, +Blink rPois Int+4 Dex-4}
   (You found it on level 4 of the Dungeon)

   Int+4:     It affects your intelligence (+4).
   Dex-4:     It affects your dexterity (-4).
   rPois:     It protects you from poison +Blink: It lets you blink.
 g - a +5 dagger of flaming
 l - a +2 longbow of flaming
Missiles
 L - a curare-tipped dart
Armour
 u - a +1 leather armour of fire resistance (worn)
 v - the +1 cloak "Hinguake" (worn) {rC+ Int+4}
   (You bought it in a shop on level 2 of the Orcish Mines)

   Int+4:     It affects your intelligence (+4).
   rC+:       It protects you from cold.
 B - a +2 pair of gloves (worn)
 C - a +2 helmet (worn)
 G - the +3 pair of boots "Panil" (worn) {Harm Fly rElec}
   (You bought it in a shop on level 2 of the Orcish Mines)

   rElec:     It insulates you from electricity.
   Fly:       It grants you flight.
   Harm:      It increases damage dealt and taken.
 H - a +0 kite shield of protection
 V - the +2 pair of boots of Focus {Int+2}
   (You found it on level 9 of the Dungeon)

   Int+2:     It affects your intelligence (+2).
Magical Staves
 Q - a staff of cold
Jewellery
 a - a ring of protection from cold
 d - a +6 ring of dexterity (right hand)
 q - a ring of poison resistance (left hand)
 E - an amulet of the acrobat (around neck)
 F - a ring of willpower
 S - a ring of positive energy
Wands
 f - a wand of light (7)
 j - a wand of digging (9)
 D - a wand of roots (33)
 K - a wand of mindburst (12)
 X - a wand of paralysis (9)
Scrolls
 e - 4 scrolls of fear
 k - 6 scrolls of teleportation
 o - 8 scrolls of immolation
 z - 5 scrolls of enchant weapon
 A - a scroll of acquirement
 M - a scroll of butterflies
 N - 2 scrolls of fog
 O - 2 scrolls of silence
 P - 3 scrolls of revelation
 Y - a scroll of brand weapon
Potions
 c - 6 potions of enlightenment
 h - 6 potions of curing
 i - a potion of invisibility
 m - 4 potions of resistance
 n - 2 potions of ambrosia
 p - 4 potions of brilliance
 s - 3 potions of might
 x - 4 potions of magic
 I - 3 potions of cancellation
 J - a potion of lignification
 R - a potion of berserk rage
 T - a potion of haste
 U - 2 potions of attraction
Miscellaneous
 w - a phantom mirror


   Skills:
 - Level 6.0 Fighting
 - Level 2.0 Short Blades
 + Level 16.0 Ranged Weapons
 - Level 5.0 Armour
 + Level 5.9 Dodging
 - Level 2.0 Stealth
 + Level 2.3 Shields
 + Level 11.3 Spellcasting
 - Level 5.0 Conjurations
 - Level 6.0 Hexes
 + Level 18.0 Ice Magic
 + Level 7.9 Invocations
 - Level 3.0 Evocations


You had 23 spell levels left.
You knew the following spells:

 Your Spells              Type           Power      Damage    Failure   Level
a - Freeze                Ice            100%       1d10      0%          1
b - Frozen Ramparts       Ice            100%       1d16      0%          3
c - Hailstorm             Conj/Ice       65%        3d14      1%          3
d - Metabolic Englaciati  Hex/Ice        33%        N/A       1%          5
h - Ozocubu's Armour      Ice            83%        N/A       0%          3

Your spell library contained the following spells:

 Spells                   Type           Power      Damage    Failure   Level
 Kiss of Death            Conj/Necr      100%       2d13      1%          1
 Ensorcelled Hibernation  Hex/Ice        100%       N/A       1%          2
 Jinxbite                 Hex            90%        N/A       1%          2
 Confusing Touch          Hex            45%        N/A       1%          3
 Dazzling Flash           Conj/Hex       86%        N/A       1%          3
 Summon Ice Beast         Ice/Summ       58%        N/A       1%          4
 Freezing Cloud           Conj/Ice/Air   26%        6-21      6%          5
 Cigotuvi's Dreadful Rot  Necr/Pois/Air  28%        N/A       8%          2
 Sublimation of Blood     Necr           14%        N/A       8%          2
 Ignite Poison            Fire/Tmut/Pois 14%        N/A       16%         3
 Volatile Blastmotes      Fire/Tloc      28%        2d12      16%         3
 Anguish                  Hex/Necr       15%        N/A       16%         4
 Dispel Undead            Necr           14%        3d10      45%         4
 Petrify                  Tmut/Erth      14%        N/A       45%         4
 Irradiate                Conj/Tmut      13%        3d16      45%         5
 Starburst                Conj/Fire      13%        6d6       96%         6
 Maxwell's Capacitive Co  Air            7%         ∞         100%        8
 Chain Lightning          Conj/Air       13%        3d18      100%        9
 Fire Storm               Conj/Fire      13%        8d4       100%        9
 Shatter                  Erth           7%         3d9*      100%        9


Dungeon Overview and Level Annotations

Branches:
Dungeon (15/15)            Temple (1/1) D:5            Lair (5/5) D:10
 Shoals (0/4) Lair:2        Snake (3/4) Lair:2        Slime (0/5) Lair:5
    Orc (2/2) D:9             Elf (1/3) Orc:2        Vaults (0/5) D:13
 Depths (0/4) D:15        Volcano (visited)

Altars:
Ashenzari
Cheibriados
Dithmenos
Elyvilon
Fedhas
Gozag
Hepliaklqana
Kikubaaqudgha
Makhleb
Nemelex Xobeh
Okawaru
Qazlal
Ru
Sif Muna
Trog
Uskayaw
Vehumet
Wu Jian
Xom
Yredelemnul
Zin
The Shining One

Shops:
D:1 (   D:8 :   D:14 (   Orc:2 =?([

Portals:
Trove: D:13 (give 9 potions of haste)

Annotations:
D:9 1 exclusion


Message History

Your butterfly disappears in a burst of colours!
The naga mage spits poison at you. The splash of poison misses you.
As you read the scroll of teleportation, it crumbles to dust.
You feel strangely unstable.
You feel sick.
* * * LOW HITPOINT WARNING * * *
You are more poisoned.
The naga ritualist's toxic aura wanes.
* * * LOW HITPOINT WARNING * * *
You are more poisoned.
Your butterfly dies!
Your butterfly disappears in a burst of colours!
Your butterfly dies!
Your butterfly disappears in a burst of colours!
Your butterfly dies!
Your butterfly disappears in a burst of colours!
Your butterfly dies!
Your butterfly disappears in a burst of colours!
The naga ritualist invokes the aid of its god against you.
You resist with some effort.
You feel better.
* * * LOW HITPOINT WARNING * * *
You are poisoned.
Your butterfly dies!
Your butterfly disappears in a burst of colours!
The naga mage casts a spell at you.
The bolt of poison hits the naga ritualist.
The bolt of poison hits you!!
You are more poisoned.
* * * LOW HITPOINT WARNING * * *
The bolt of poison hits your butterfly!!
Your butterfly dies!
Your butterfly disappears in a burst of colours!
The naga ritualist shouts!
Okay, then.
Unknown command.
Okay, then.
Unknown command.
You fade into invisibility!
You die...

....N.#
....N..##
.......>#
.?......#
####N#N##
.NN#N.# #
#.. N..#
b.. ##
.#..#.b..#
##@....#
##.#### .#
.b b#.
.### b# ##


You could see a salamander (unable to see you), a naga ritualist (toxic aura), 2
naga magi and a naga.

Vanquished Creatures
  Rupert (Snake:1)
  An orc warlord (Orc:2)
  Nessos (Lair:4)
  A red draconian (Volcano)
  The ghost of Nudhul the Severer, a journeyman MiBe of Trog (Orc:1)
  The ghost of Moreman the Cleaver, a journeyman OgFi of Ashenzari (D:9)
  A great orb of eyes (D:15)
  3 centaur warriors
  5 hydras
  Erolcha (D:9)
  2 anacondas
  A boulder beetle (D:13)
  3 two-headed ogres
  2 naga warriors
  An occultist (D:15)
  9 death yaks
  A tengu warrior (D:15)
  A shock serpent (Snake:3)
  2 naga sharpshooters
  A deep elf knight (Elf:1)
  An orc high priest (Orc:2)
  Sonja (Lair:3)
  A shock serpent (shapeshifter) (D:15)
  A fire crab (Lair:5)
  3 skysharks
  A salamander mystic (Volcano)
  A deep troll (shapeshifter) (D:13)
  A naga ritualist (Snake:1)
  A deep elf archer (Elf:1)
  3 orc knights
  7 deep elf pyromancers
  19 ugly things
  3 mana vipers (Snake:1)
  3 orc sorcerers
  2 deep elf zephyrmancers (Elf:1)
  2 cyclopes
  A wolf spider (Lair:5)
  2 elephants (Lair:4)
  9 salamanders
  5 slime creatures
  2 guardian serpents
  17 black mambas
  8 cane toads
  A molten gargoyle (Volcano)
  2 naga magi
  A gargoyle (Volcano)
  An unseen horror (D:10)
  4 komodo dragons
  A yaktaur (D:13)
  6 kobold demonologists
  A freezing wraith (D:15)
  7 polar bears (Lair:5)
  9 trolls
  2 raiju (Lair:5)
  16 blink frogs
  A hornet (Lair:5)
  6 dream sheep
  An air elemental (Elf:1)
  Sigmund (D:4)
  2 shadows
  A wraith (D:10)
  4 water elementals (D:14)
  14 wyverns
  30 yaks
  A fire elemental (Elf:1)
  3 basilisks
  2 fire bats (Volcano)
  A basilisk (shapeshifter) (D:14)
  13 humans
  2 redbacks (Lair:5)
  7 vampire mosquitoes
  5 wargs
  2 acid dragons
  8 nagas
  10 hell hounds (Lair:5)
  11 water moccasins
  An ice beast (D:7)
  20 orc warriors
  A sky beast (D:6)
  12 black bears
  2 ogres (Orc:1)
  11 wolves
  4 centaurs
  A phantom (D:6)
  13 bullfrogs
  An earth elemental (Elf:1)
  8 scorpions
  A gnoll sergeant (D:10)
  2 electric eels (D:14)
  3 howler monkeys
  7 lava snakes (Volcano)
  7 jellies
  Crazy Yiuf (D:6)
  21 orc priests
  A hound (D:5)
  4 iguanas
  2 hell rats (Lair:1)
  23 orc wizards
  11 gnolls
  5 adders
  2 shadow imps (D:4)
  3 white imps
  2 ufetubi (D:5)
  5 dart slugs
  A worm (D:2)
  76 orcs
  4 ball pythons
  4 bats
  4 endoplasms
  3 giant cockroaches
  4 goblins
  9 hobgoblins
  9 jackals
  9 kobolds
  4 quokkas
  4 frilled lizards
  14 rats
628 creatures vanquished.

Vanquished Creatures (collateral kills)
  A very ugly thing (D:15)
  Snorg (Lair:5)
  A centaur warrior (D:14)
  2 hydras
  A catoblepas (Lair:5)
  A boulder beetle (D:12)
  2 dancing weapons (Elf:1)
  A two-headed ogre (D:9)
  3 anacondas (Snake:1)
  3 deep elf knights (Elf:1)
  A shock serpent (Snake:3)
  A skyshark (Lair:2)
  An orc knight (Orc:2)
  4 ugly things
  3 mana vipers (Snake:1)
  A wolf spider (Lair:5)
  2 orc sorcerers (Orc:2)
  3 cyclopes
  An oklob plant (Lair:3)
  9 black mambas
  An elephant (Lair:4)
  2 naga magi
  6 cane toads
  An efreet (D:13)
  2 rime drakes (Lair:3)
  A kobold demonologist (D:12)
  A freezing wraith (D:15)
  A komodo dragon (Lair:3)
  2 trolls
  2 hornets
  Grinder (D:6)
  4 dream sheep
  4 blink frogs
  4 polar bears
  A slime creature (D:13)
  2 water elementals (D:14)
  6 wyverns (Lair:5)
  13 yaks
  3 humans (D:13)
  5 vampire mosquitoes
  A redback (shapeshifter) (D:13)
  4 nagas
  2 wargs
  An acid dragon (D:9)
  5 hell hounds (Lair:5)
  3 water moccasins
  4 black bears
  13 orc warriors
  An ice beast (D:7)
  A sky beast (D:7)
  An ogre (Orc:1)
  5 wolves
  A centaur (D:14)
  A bullfrog (Lair:1)
  A gnoll sergeant (D:10)
  An earth elemental (Elf:1)
  A howler monkey (D:10)
  4 orc priests
  4 orc wizards
  2 hell rats (Lair:1)
  A gnoll (D:10)
  14 orcs
175 creatures vanquished.

Vanquished Creatures (others)
  A two-headed ogre (D:13)
  14 knights
  2 ancestors
17 creatures vanquished.

Grand Total: 820 creatures vanquished

Notes
Turn   | Place    | Note
-------+----------+-------------------------------------------
     0 | D:1      | Lobster4 the Human Ice Elementalist began the quest for the
                  | Orb.
     0 | D:1      | Reached XP level 1. HP: 13/13 MP: 3/3
   191 | D:1      | Reached XP level 2. HP: 19/19 MP: 1/5
   503 | D:1      | Reached XP level 3. HP: 24/24 MP: 4/6
   507 | D:1      | Learned a level 3 spell: Ozocubu's Armour
   632 | D:1      | Found a faded altar of an unknown god.
   821 | D:1      | Found Hirep Wef's Weapon Shop.
  1329 | D:2      | Reached XP level 4. HP: 30/30 MP: 6/8
  1333 | D:2      | Learned a level 3 spell: Frozen Ramparts
  1802 | D:2      | Noticed a scorpion
  2162 | D:3      | Found a snail-covered altar of Cheibriados.
  2183 | D:3      | Reached skill level 5 in Ice Magic
  2290 | D:3      | Reached XP level 5. HP: 33/35 MP: 8/10
  3344 | D:4      | Reached skill level 1 in Fighting
  3344 | D:4      | Reached skill level 1 in Short Blades
  3344 | D:4      | Reached skill level 1 in Armour
  3734 | D:2      | Reached XP level 6. HP: 36/43 MP: 5/11
  3942 | D:4      | Identified the +8 sling "Zoedoa" {drain, +Blink rPois Int+4
                  | Dex-4}
  3999 | D:4      | Noticed Sigmund
  4011 | D:4      | Killed Sigmund
  4012 | D:4      | Reached skill level 1 in Ranged Weapons
  4012 | D:4      | Reached XP level 7. HP: 31/49 MP: 8/13
  4165 | D:4      | Found a transporter.
  4184 | D:4      | Found a transporter.
  4379 | D:5      | Entered Level 5 of the Dungeon
  4637 | D:5      | Reached skill level 6 in Ice Magic
  4721 | D:5      | Reached XP level 8. HP: 54/56 MP: 13/15
  4766 | D:5      | Found a staircase to the Ecumenical Temple.
  4778 | Temple   | Entered the Ecumenical Temple
  4821 | Temple   | Became a worshipper of Hepliaklqana the Forgotten
  5129 | D:5      | Reached skill level 5 in Spellcasting
  5220 | D:6      | Reached skill level 1 in Invocations
  5220 | D:6      | Reached skill level 1 in Evocations
  5333 | D:6      | Found a glowing silver altar of Zin.
  5653 | D:6      | Reached * piety under Hepliaklqana
  5692 | D:6      | Noticed Grinder
  5696 | D:6      | Reached XP level 9. HP: 53/54 MP: 17/17
  5709 | D:6      | Killed Grinder
  5710 | D:6      | Reached skill level 7 in Ice Magic
  5802 | D:6      | Found a runed translucent door.
  5803 | D:6      | Noticed Crazy Yiuf
  5812 | D:6      | Killed Crazy Yiuf
  6269 | D:7      | Found a shimmering blue altar of Sif Muna.
  7158 | D:8      | Noticed a troll
  7169 | D:7      | Killed a troll
  7278 | D:8      | Reached skill level 5 in Ranged Weapons
  7406 | D:8      | You fall into a shaft and drop 2 floors!
  7406 | D:10     | Entered Level 10 of the Dungeon
  7493 | D:9      | Reached skill level 8 in Ice Magic
  7493 | D:9      | Reached XP level 10. HP: 60/60 MP: 18/20
  7579 | D:9      | Found a staircase to the Orcish Mines.
  7673 | D:9      | Found a runed translucent gate.
  7674 | D:9      | Found a runed translucent gate.
  7674 | D:9      | Reached ** piety under Hepliaklqana
  7675 | D:9      | Noticed Moreman's ghost (journeyman OgFi)
  7675 | D:9      | Remembered your ancestor Octavia as a knight
  7676 | D:9      | Found a runed translucent gate.
  7684 | D:9      | Noticed a two-headed ogre
  7690 | D:9      | Killed a two-headed ogre
  7881 | D:8      | Noticed a two-headed ogre
  7891 | D:8      | Killed a two-headed ogre
  8048 | D:8      | Found a basalt altar of Yredelemnul.
  8056 | D:8      | Reached skill level 9 in Ice Magic
  8175 | D:8      | Found Meim's Book Emporium.
  8423 | D:9      | Noticed Erolcha
  8431 | D:9      | Killed Erolcha
  8432 | D:9      | Reached XP level 11. HP: 64/64 MP: 21/23
  8722 | D:9      | Found a bloodstained altar of Trog.
  8823 | D:9      | Found a glowing golden altar of the Shining One.
  8823 | D:9      | Found a sparkling altar of Nemelex Xobeh.
  8826 | D:9      | Found a white marble altar of Elyvilon.
  8826 | D:9      | Found a shimmering altar of Xom.
  8918 | D:10     | Learned a level 5 spell: Metabolic Englaciation
  8963 | D:10     | Found a radiant altar of Vehumet.
  8979 | D:10     | Noticed a sun demon
  9032 | D:10     | Reached skill level 1 in Hexes
  9112 | D:10     | Reached *** piety under Hepliaklqana
  9179 | D:10     | Reached skill level 10 in Ice Magic
  9366 | D:10     | Found a staircase to the Lair.
  9637 | D:11     | Noticed a two-headed ogre
  9644 | D:11     | Killed a two-headed ogre
 10335 | D:11     | Noticed a brown ugly thing
 10350 | D:11     | Killed a brown ugly thing
 10351 | D:11     | Reached XP level 12. HP: 72/72 MP: 25/25
 10922 | Lair:1   | Entered Level 1 of the Lair of Beasts
 11334 | Lair:1   | Reached skill level 5 in Hexes
 11559 | Lair:1   | You fall into a shaft and drop 1 floor!
 11672 | Lair:1   | Reached **** piety under Hepliaklqana
 11973 | Lair:2   | Noticed a skyshark
 11982 | Lair:2   | Killed a skyshark
 11983 | Lair:2   | Reached skill level 11 in Ice Magic
 12004 | Lair:2   | Found a staircase to the Shoals.
 12136 | Lair:2   | Reached skill level 10 in Spellcasting
 12285 | Lair:2   | Reached skill level 10 in Ranged Weapons
 12305 | Lair:2   | Found a staircase to the Snake Pit.
 12585 | Lair:2   | Noticed a death yak
 12601 | Lair:2   | Killed a death yak
 12622 | Lair:2   | Noticed a skyshark
 12630 | Lair:2   | Killed a skyshark
 12670 | Lair:2   | Noticed a death yak
 12670 | Lair:2   | Noticed a death yak
 13374 | Lair:3   | Reached skill level 12 in Ice Magic
 13374 | Lair:3   | Reached XP level 13. HP: 76/77 MP: 27/27
 13455 | Lair:3   | Noticed a seven-headed hydra
 13460 | Lair:3   | Killed a seven-headed hydra
 13556 | Lair:3   | Reached ***** piety under Hepliaklqana
 13822 | Lair:3   | Noticed Sonja
 13846 | Lair:3   | Killed Sonja
 14054 | Lair:3   | Reached skill level 13 in Ice Magic
 14173 | Lair:3   | Noticed a seven-headed hydra
 14180 | Lair:3   | Killed a seven-headed hydra
 14643 | Lair:4   | Found a dark tunnel.
 14681 | Volcano  | Entered a volcano
 15019 | Volcano  | Found a bloodstained altar of Trog.
 15172 | Volcano  | Noticed a red draconian
 15182 | Volcano  | Killed a red draconian
 15850 | Lair:4   | Noticed Nessos
 16325 | Orc:1    | Entered Level 1 of the Orcish Mines
 16342 | Orc:1    | Reached XP level 14. HP: 83/83 MP: 28/28
 16593 | Orc:1    | Found a runed translucent door.
 16594 | Orc:1    | Noticed Nudhul's ghost (journeyman MiBe)
 16828 | Orc:2    | Entered Level 2 of the Orcish Mines
 17144 | Orc:2    | Reached skill level 5 in Invocations
 17336 | Orc:2    | Found a staircase to the Elven Halls.
 17899 | Orc:1    | Noticed an orc warlord
 18252 | Orc:2    | Found Ekiosoacweu's Jewellery Emporium.
 18252 | Orc:2    | Found Urhanock's Magic Scroll Emporium.
 18253 | Orc:2    | Found Duisimon's Armour Shoppe.
 18257 | Orc:2    | Found Wyasokk's Antique Weapon Shoppe.
 18389 | Orc:2    | Bought the +1 cloak "Hinguake" {rC+ Int+4} for 414 gold
                  | pieces
 18402 | Orc:2    | Bought the +3 pair of boots "Panil" {Harm Fly rElec} for
                  | 462 gold pieces
 18442 | Orc:2    | Bought a scroll of butterflies for 52 gold pieces
 18442 | Orc:2    | Bought a scroll of identify for 26 gold pieces
 18446 | Orc:2    | Bought a scroll of blinking for 97 gold pieces
 18446 | Orc:2    | Bought a scroll of blinking for 97 gold pieces
 18446 | Orc:2    | Bought a scroll of blinking for 97 gold pieces
 18751 | Orc:2    | Killed an orc warlord
 18752 | Orc:2    | Reached skill level 14 in Ice Magic
 19077 | Orc:1    | Killed Nudhul's ghost
 19214 | D:12     | Learned a level 3 spell: Hailstorm
 19839 | D:12     | Reached skill level 1 in Conjurations
 20104 | D:13     | Found a gate to the Vaults.
 20202 | D:13     | Found a portal to a secret trove of treasure.
 20220 | D:13     | Reached skill level 5 in Armour
 20339 | D:13     | Reached XP level 15. HP: 90/90 MP: 30/30
 20369 | D:13     | Reached ****** piety under Hepliaklqana
 20388 | D:13     | Found the +5 Lochaber axe {reach-cleave, Poleaxe Drain}
 21833 | D:14     | Reached skill level 5 in Fighting
 22006 | D:14     | Found Rigunw Ekeer's Weapon Shoppe.
 22769 | D:14     | Found a burning altar of Makhleb.
 22769 | D:14     | Noticed a balrug
 22975 | D:15     | Entered Level 15 of the Dungeon
 23045 | D:15     | Reached skill level 5 in Conjurations
 23177 | D:15     | Identified a scroll of acquirement
 23192 | D:15     | Reached skill level 15 in Ice Magic
 23651 | D:15     | Noticed a green very ugly thing
 23663 | D:15     | Killed a purple very ugly thing
 23807 | D:15     | Found a staircase to the Depths.
 23914 | D:15     | Found a faded altar of an unknown god.
 23914 | D:15     | Found a faded altar of an unknown god.
 23924 | D:15     | Found a hazy altar of Hepliaklqana.
 24360 | D:9      | Killed Moreman's ghost
 24460 | D:9      | Identified the +2 pair of boots of Focus {Int+2}
 24693 | Lair:2   | Reached XP level 16. HP: 98/98 MP: 20/31
 25334 | Lair:5   | Entered Level 5 of the Lair of Beasts
 25674 | Lair:4   | Killed Nessos
 25923 | Lair:5   | Noticed Snorg
 25928 | Lair:5   | Killed Snorg
 25929 | Lair:5   | Reached skill level 5 in Dodging
 25987 | Lair:5   | Reached skill level 15 in Ranged Weapons
 26189 | Lair:5   | Reached skill level 16 in Ice Magic
 26602 | Lair:5   | Found a staircase to the Slime Pits.
 27060 | Lair:5   | Reached skill level 17 in Ice Magic
 28327 | Elf:1    | Entered Level 1 of the Elven Halls
 28417 | Elf:1    | Reached XP level 17. HP: 103/103 MP: 21/32
 29612 | Snake:1  | Entered Level 1 of the Snake Pit
 30402 | Snake:1  | Reached skill level 1 in Shields
 30687 | Snake:1  | Noticed Rupert
 30715 | Snake:1  | Paralysed by Rupert for 2 turns
 30724 | Snake:1  | Killed Rupert
 31135 | Snake:1  | Reached skill level 18 in Ice Magic
 31324 | Snake:2  | You are sucked into a shaft and drop 1 floor!
 31401 | Snake:2  | HP: 2/105 [salamander/+3 halberd (8)]
 31408 | Snake:2  | HP: 1/105 [naga mage/bolt of poison (24)]
 31409 | Snake:2  | Succumbed to a naga mage's bolt of poison

Illustrated notes

Levels and vault maps discovered:
D:1:      onia_arrival_mini_maze_b, layout_loops_cross, serial_shops,
          nicolae_shop_pleasant_corner_grove,
          shapermc_ecumenical_altar_flowoftime, minmay_rat_gold_closets
D:2:      layout_loops_cross
D:3:      layout_basic, kennysheep_slug_shrine, minmay_box_of_dots
D:4:      gammafunk_wand_slinger, layout_basic, uniq_sigmund
D:5:      layout_basic, minmay_temple_entry_crystal_x, roderic_filled_cross,
          corexii_corridor_pit
D:6:      layout_cave_pools, zin_academy, kennysheep_crisscross, uniq_grinder,
          uniq_crazy_yiuf_cottage
D:7:      layout_basic, nicolae_overflow_hidden_temple
D:8:      layout_basic, mainiacjoe_overflow_concentric_impassable, serial_shops,
          nicolae_shop_back_alley_shop
D:9:      layout_basic, lightli_temple_of_fire,
          chequers_temple_overflow_statue_of_worship, orc_0_dummy,
          biasface_ghost_orc_armoury, minmay_statues_item, uniq_erolcha
D:10:     layout_rooms, nicolae_vehumet_altar_sigil, due_lair_maze_entry_diamond
D:11:     layout_loops_ring, nicolae_figureground_sparkle
D:12:     layout_long_grid
D:13:     layout_grid_maze, david_vaults_3, nicolae_trove_entry_crossroad
D:14:     layout_roguey, kennysheep_boxes, serial_shops, shop,
          makhleb_altar_promises_db
D:15:     gammafunk_enter_depths_forms, layout_rooms, corner_web_ring,
          nicolae_hepliaklqana_ecumenical_no_more
Temple:   nicolae_temple_bog_church
Lair:1:   layout_roguey
Lair:2:   layout_cave_pods, elwin_shoals_entry_rocks, alex1729_snake_entry_snake
Lair:3:   layout_misc_corridors, st_stairs_11, minivault_23, uniq_sonja
Lair:4:   layout_roguey, enter_volcano_4, grunt_megastairs_4, uniq_nessos
Lair:5:   hangedman_lair_tendril_chambers, layout_gridlike,
          hangedman_lair_caniforms_friends, nicolae_slime_entry_field_trip,
          minmay_stone_trees_small, hibernation_bobbens, uniq_snorg
Snake:1:  layout_concentric_octagons, grunt_megastairs_3, uniq_rupert
Snake:2:  layout_honeycomb, serial_shops, nicolae_shop_tiny_glass
Snake:3:  layout_cave_shapes, serial_shops, bzr_entry_road, lemuel_fruit_tree,
          grunt_megastairs_5, minmay_shop_grove, uniq_aizul
Orc:1:    layout_caves, gammafunk_ghost_grave
Orc:2:    st_orc_mages, layout_caves, basic_altar
Elf:1:    layout_loops_ring, minivault_28, nicolae_elf_shapeshifter_party,
          grunt_megastairs_1

Skill      XL: |  1  2  3  4  5  6  7  8  9 10 11 12 13 14 15 16 17 |
---------------+----------------------------------------------------+-----
Spellcasting   | 3 4 5 6 8 9 10 11 | 11.3
Ice Magic      | 5 6 8 9 10 12 13 14 15 17 18 | 18.0
Fighting       | 1 2 3 4 5 6 |  6.0
Short Blades   | 1 2 |  2.0
Armour         | 1 2 5 |  5.0
Ranged Weapons | 1 2 3 5 7 8 10 12 13 14 15 16 | 16.0
Invocations    | 2 4 6 7 |  7.9
Evocations     | 2 3 |  3.0
Hexes          | 4 5 6 |  6.0
Conjurations   | 2 5 |  5.0
Dodging        | 3 5 |  5.9
Shields        | 2 |  2.3
Stealth        | |  2.0

Action                     |  1- 3 |  4- 6 |  7- 9 | 10-12 | 13-15 | 16-18 || total
---------------------------+-------+-------+-------+-------+-------+-------++-------
  Melee: Club              |     1 |       |       |       |       |       ||     1
         Dagger            |    61 |    36 |       |       |       |       ||    97
         Staff             |    10 |       |       |       |       |       ||    10
   Fire: Sling             |       |    14 |   220 |   449 |  1110 |   751 ||  2544
  Throw: Dart              |       |       |       |       |     6 |     4 ||    10
         Throwing net      |       |       |       |       |     1 |     1 ||     2
   Cast: Freeze            |    26 |    55 |    13 |     9 |    19 |     4 ||   126
         Frozen Ramparts   |       |     1 |       |     8 |    41 |    38 ||    88
         Ozocubu's Armour  |       |       |       |     3 |    21 |    26 ||    50
         Metabolic Englaci |       |       |       |       |    52 |    47 ||    99
         Hailstorm         |       |       |       |       |     3 |     4 ||     7
 Invoke: Recall Ancestor   |       |       |     1 |     2 |     6 |     5 ||    14
         Ancestor Life: Kn |       |       |       |     1 |       |       ||     1
  Evoke: Wand              |       |       |     3 |     1 |     7 |     1 ||    12
    Use: Scroll            |       |    10 |     6 |     7 |    12 |    14 ||    49
         Potion            |       |       |       |     3 |     2 |     6 ||    11
   Stab: Sleeping          |     7 |     3 |       |       |       |       ||    10
 Armour: Robe              |    35 |    27 |       |       |       |       ||    62
         Leather armour    |       |    24 |    86 |    92 |   193 |   138 ||   533
  Dodge: Dodged            |    47 |    37 |    53 |    48 |   133 |   107 ||   425

Table legend: (Time is in decaauts)
 A = Elapsed time spent in this place.
 B = Non-inter-level travel time spent in this place.
 C = Inter-level travel time spent in this place.
 D = Time resting spent in this place.
 E = Time spent auto-exploring this place.
 F = Levels seen in this place.
 G = Mean time per level.
                   A        B        C        D        E       F      G
               +--------+--------+--------+--------+--------+-----+--------+
         Total |  31133 |  28380 |   2753 |   3844 |  19021 |  28 | 1111.9 |
       Dungeon |  16474 |  15277 |   1197 |   1944 |  10804 |  15 | 1098.3 |
        Temple |     57 |     29 |     28 |      0 |     11 |   1 |   57.0 |
          Lair |   8463 |   7488 |    975 |   1045 |   5051 |   5 | 1692.6 |
     Snake Pit |   1761 |   1759 |      2 |     41 |   1369 |   3 |  587.0 |
  Orcish Mines |   2879 |   2365 |    514 |    442 |   1139 |   2 | 1439.5 |
   Elven Halls |    645 |    609 |     36 |    106 |    353 |   1 |  645.0 |
       Volcano |    852 |    852 |      0 |    265 |    294 |   1 |  852.0 |
               +--------+--------+--------+--------+--------+-----+--------+

Top non-repeatable levels by time:
  Lair:5: 2394 daAuts
   Orc:2: 1895 daAuts
  Lair:2: 1787 daAuts
    D:13: 1779 daAuts
  Lair:4: 1717 daAuts
 Snake:1: 1553 daAuts
  Lair:3: 1437 daAuts
     D:7: 1421 daAuts
     D:1: 1326 daAuts
     D:9: 1295 daAuts
     D:3: 1289 daAuts
    D:10: 1163 daAuts
  Lair:1: 1126 daAuts
     D:2: 1120 daAuts
    D:11: 1015 daAuts
